 Dungeon Crawl Stone Soup version 0.26-a0-708-g17f3b190f9 (webtiles) character file.

Game seed: 15795447250364804618

6397 robertstho the Frost Mage (level 10, -34/76 HPs)
             Began as a Gnoll Ice Elementalist on Oct 29, 2020.
             Was a Priest of Sif Muna.
             Annihilated by a boulder beetle (54 damage)
             ... on level 11 of the Dungeon.
             The game lasted 00:16:23 (10237 turns).

robertstho the Frost Mage (Gnoll Ice Elementalist) Turns: 10237, Time: 00:16:23

Health: -34/76     AC:  4    Str: 12    XL:     10   Next: 98%
Magic:  14/21      EV: 18    Int: 23    God:    Sif Muna [***...]
Gold:   31         SH:  0    Dex: 20    Spells: 9/24 levels left

rFire    + . .     SeeInvis +   N - +8 quarterstaff of Chaos {vorpal, Str+2 Dex+3}
rCold    . . .     Faith    .   (shield currently unavailable)
rNeg     + . .     Spirit   .   a - +0 robe
rPois    +         Reflect  .   A - +1 helmet {Int+3}
rElec    .         Harm     .   E - scarf {repulsion}
rCorr    .         Rampage  .   (no gloves)
MR       .....                  (no boots)
Stlth    ++++......             r - amulet of magic regeneration
HPRegen  0.22/turn              P - ring of Demons {+Fly rPois rF+ rN+}
MPRegen  0.42/turn              k - ring of see invisible

@: frozen ramparts, repel missiles
A: distributed training, fangs 1, strong nose
a: Channel Magic, Forget Spell, Renounce Religion, Evoke Flight


You were on level 11 of the Dungeon.
You worshipped Sif Muna.
Sif Muna was most pleased with you.
You visited 1 branch of the dungeon, and saw 11 of its levels.

You collected 1075 gold pieces.
You spent 1044 gold pieces at shops.

Inventory:

Hand Weapons
 e - a +0 short sword
 s - a +0 rapier
 v - a +4 quarterstaff of chaos
 y - a cursed -1 hand axe
 B - a +1 war axe of venom
 C - the +0 flail of Action {chaos, rPois rC+}
   (You found it on level 5 of the Dungeon)

   Each time it hits an enemy it has a different, random effect.
   It protects you from cold.
   It protects you from poison.
 N - the +8 quarterstaff of Chaos (weapon) {vorpal, Str+2 Dex+3}
   (You found it on level 10 of the Dungeon)

   It inflicts extra damage upon your enemies.
   It affects your strength (+2).
   It affects your dexterity (+3).
Missiles
 g - 87 poisoned darts (quivered)
Armour
 a - a +0 robe (worn)
 w - a +0 cloak
 A - a +1 helmet of intelligence (worn)
 E - a scarf of repulsion (worn)
Jewellery
 h - a +4 ring of evasion
 k - a ring of see invisible (right hand)
 p - an uncursed ring of fire
 r - an amulet of magic regeneration (around neck)
 M - an uncursed amulet of guardian spirit {unknown}
 P - the ring of Demons (left hand) {+Fly rPois rF+ rN+}
   (You bought it in a shop on level 10 of the Dungeon)

   [ring of flight]

   It protects you from fire.
   It protects you from poison.
   It protects you from negative energy.
   It lets you fly.
 Q - a +6 ring of dexterity {unknown}
Wands
 O - a wand of enslavement (10)
Scrolls
 b - 4 scrolls of remove curse
 d - 3 scrolls of enchant weapon {unknown}
 f - 2 scrolls of immolation
 j - 6 scrolls of magic mapping
 l - 3 scrolls of fear {unknown}
 m - a scroll of identify
 n - a scroll of random uselessness {unknown}
 u - 2 scrolls of teleportation {unknown}
 G - 2 scrolls of fog
 K - 3 scrolls of blinking
 L - 2 scrolls of enchant armour {unknown}
Potions
 c - 3 potions of ambrosia
 i - 2 potions of lignification
 o - 2 potions of curing
 q - 2 potions of might
 t - 5 potions of flight
 x - a potion of stabbing
 z - 2 potions of brilliance
 D - 3 potions of invisibility {unknown}
 F - 2 potions of degeneration {unknown}
 H - a potion of haste
 I - a potion of resistance {unknown}
 J - a potion of magic {unknown}


   Skills:
 + Level 5.8 Fighting
 + Level 5.8 Short Blades
 + Level 5.8 Long Blades
 + Level 5.8 Axes
 + Level 5.8 Maces & Flails
 + Level 5.8 Polearms
 + Level 5.8 Staves
 + Level 5.8 Slings
 + Level 5.8 Bows
 + Level 5.8 Crossbows
 + Level 5.8 Throwing
 + Level 5.8 Armour
 + Level 7.4 Dodging
 + Level 7.2 Stealth
 + Level 5.8 Shields
 + Level 5.8 Unarmed Combat
 + Level 7.7 Spellcasting
 + Level 4.7 Conjurations
 + Level 4.7 Hexes
 + Level 4.7 Summonings
 + Level 4.7 Necromancy
 + Level 4.7 Translocations
 + Level 4.7 Transmutations
 + Level 4.7 Fire Magic
 + Level 8.7 Ice Magic
 + Level 4.7 Air Magic
 + Level 4.7 Earth Magic
 + Level 4.7 Poison Magic
 + Level 6.3 Invocations
 + Level 5.8 Evocations


You had 9 spell levels left.
You knew the following spells:

 Your Spells              Type           Power        Failure   Level
a - Freeze                Ice            ####         1%          1
b - Frozen Ramparts       Ice            #####.       1%          3
c - Ozocubu's Armour      Ice            #####...     1%          3
d - Hailstorm             Conj/Ice       #####...     4%          4
e - Summon Ice Beast      Ice/Summ       #####...     4%          4

Your spell library contained the following spells:

 Spells                   Type           Power        Failure   Level
 Animate Skeleton         Necr           ####..       1%          1
 Pain                     Necr           ####         1%          1
 Vampiric Draining        Necr           ####......   3%          3
 Animate Dead             Necr           ####......   10%         4
 Agony                    Necr           ####....     28%         5


Dungeon Overview and Level Annotations

Branches:
Dungeon (11/15)            Temple (0/1) D:5            Lair (0/6) D:9
    Orc: D:9-12

Altars:
Ashenzari
Elyvilon
Makhleb
Okawaru
Qazlal
Sif Muna
Wu Jian
The Shining One

Shops:
D:4 [:=   D:7 (   D:8 ?   D:10 =

Annotations:
D:4 394 ring
D:10 598 ring, 3 runed translucent doors, Hoafok's ghost, journeyman MiFi


Innate Abilities, Weirdness & Mutations

Your experience applies equally to all skills.
You have very sharp teeth.
Your uncanny sense of smell can sniff out nearby items.


Message History

Casting: Summon Ice Beast (dangerous; 4% risk of failure)
Confirm with . or Enter, or press ? or * to list all spells.
The walls around you are covered in ice.
The boulder beetle curls into a ball and begins rolling!
The wall freezes the boulder beetle.
Your ice beast hits the boulder beetle but does no damage.
Your ice beast completely misses the boulder beetle.
Casting: Frozen Ramparts (safe; 1% risk of failure)
Confirm with . or Enter, or press ? or * to list all spells.
A chill wind blows around you.
The wall freezes the boulder beetle.
The boulder beetle hits you!!
The boulder beetle stops rolling and uncurls.
Your ice beast hits the boulder beetle.
Your ice beast freezes the boulder beetle!
The wall freezes the boulder beetle!
The boulder beetle bites you!!
* * * LOW HITPOINT WARNING * * *
Your ice beast hits the boulder beetle but does no damage.
The boulder beetle hits you!!!
Ouch! That really hurt!
You die...

..... #.......# #...#
....##.......####...#
#..##..............#
#..##......###'###..
#°Y.....#..#.....+..
#.°........#.....###
#.YY.......#.....##.
#..B.......#.....##.
#..@.......#.....###
#.B##..<...#.....#
#.Y........#######
#.....!#.....
#..#.........
#..#.........
#..#..#####. #... .#
#... .# .########


You could see 2 boulder beetles and 4 friendly ice beasts.

Vanquished Creatures
  A two-headed ogre (D:6)
  Pikel (D:4)
  2 yaks (D:10)
  Edmund (D:5)
  2 water moccasins
  5 sky beasts
  4 ice beasts
  A phantom (D:10)
  3 orc warriors
  2 wolves (D:9)
  2 ogres
  3 centaurs
  A big kobold (D:8)
  4 bullfrogs
  A gnoll sergeant (D:6)
  A wyvern skeleton (D:9)
  A wyvern zombie (D:10)
  A scorpion (D:8)
  7 killer bees (D:10)
  2 howler monkeys (D:6)
  7 hounds
  2 bullfrog skeletons
  3 orc priests
  Crazy Yiuf (D:3)
  A jelly (D:7)
  3 iguanas
  14 orc wizards
  6 worker ants
  A killer bee zombie (D:5)
  A worker ant zombie (D:7)
  A howler monkey skeleton (D:4)
  10 adders
  3 gnolls (D:6)
  A shadow imp (D:8)
  4 white imps
  3 ufetubi (D:6)
  An ooze (D:1)
  An adder zombie (D:8)
  A worm (D:3)
  2 dart slugs (D:1)
  6 leopard geckos
  47 orcs
  A ball python (D:6)
  4 bats
  3 giant cockroaches (D:1)
  2 goblins
  A hobgoblin (D:3)
  8 jackals
  8 kobolds
  8 quokkas
  3 frilled lizards
  A leopard gecko zombie (D:6)
  2 quokka skeletons
  4 rats
209 creatures vanquished.

Vanquished Creatures (collateral kills)
  A yak (D:10)
  A wraith (D:10)
  An orc warrior (D:9)
  A black bear (D:10)
  A wolf (D:9)
  2 bullfrogs
  A scorpion (D:10)
  2 jellies
  A hound (D:9)
  An orc priest (D:5)
  A hound zombie (D:8)
  An adder (D:8)
  A giant cockroach (D:5)
  2 jackals (D:9)
  A quokka (D:9)
18 creatures vanquished.

Grand Total: 227 creatures vanquished

Notes
Turn   | Place    | Note
-------+----------+-------------------------------------------
     0 | D:1      | robertstho the Gnoll Ice Elementalist began the quest for
                  | the Orb.
     0 | D:1      | Reached XP level 1. HP: 13/13 MP: 6/6
   149 | D:1      | Reached XP level 2. HP: 18/19 MP: 3/7
  1362 | D:2      | Reached XP level 3. HP: 17/25 MP: 6/9
  1363 | D:2      | Reached skill level 5 in Spellcasting
  1835 | D:2      | Found a broken altar of Ashenzari.
  1840 | D:2      | Reached skill level 1 in Invocations
  2004 | D:3      | Reached skill level 1 in Fighting
  2004 | D:3      | Reached skill level 1 in Short Blades
  2004 | D:3      | Reached skill level 1 in Long Blades
  2004 | D:3      | Reached skill level 1 in Axes
  2004 | D:3      | Reached skill level 1 in Maces & Flails
  2004 | D:3      | Reached skill level 1 in Polearms
  2004 | D:3      | Reached skill level 1 in Staves
  2004 | D:3      | Reached skill level 1 in Slings
  2004 | D:3      | Reached skill level 1 in Bows
  2004 | D:3      | Reached skill level 1 in Crossbows
  2004 | D:3      | Reached skill level 1 in Throwing
  2004 | D:3      | Reached skill level 1 in Armour
  2004 | D:3      | Reached skill level 1 in Shields
  2004 | D:3      | Reached skill level 1 in Unarmed Combat
  2004 | D:3      | Reached skill level 1 in Evocations
  2004 | D:3      | Reached XP level 4. HP: 18/32 MP: 6/11
  2153 | D:3      | Learned a level 3 spell: Frozen Ramparts
  2157 | D:3      | Learned a level 3 spell: Ozocubu's Armour
  2162 | D:3      | Learned a level 4 spell: Hailstorm
  2216 | D:3      | Reached skill level 1 in Conjurations
  2216 | D:3      | Reached skill level 1 in Hexes
  2216 | D:3      | Reached skill level 1 in Summonings
  2216 | D:3      | Reached skill level 1 in Necromancy
  2216 | D:3      | Reached skill level 1 in Translocations
  2216 | D:3      | Reached skill level 1 in Transmutations
  2216 | D:3      | Reached skill level 1 in Fire Magic
  2216 | D:3      | Reached skill level 1 in Air Magic
  2216 | D:3      | Reached skill level 1 in Earth Magic
  2216 | D:3      | Reached skill level 1 in Poison Magic
  2539 | D:3      | Found a runed translucent door.
  2540 | D:3      | Noticed Crazy Yiuf
  2840 | D:3      | Found a stormy altar of Qazlal.
  2992 | D:3      | Reached XP level 5. HP: 37/37 MP: 8/12
  3189 | D:3      | Found an iron altar of Okawaru.
  3189 | D:3      | Found a shimmering blue altar of Sif Muna.
  3194 | D:3      | Became a worshipper of Sif Muna the Loreminder
  3317 | D:3      | Killed Crazy Yiuf
  3534 | D:4      | Noticed Pikel
  3536 | D:4      | Noticed a lemure
  3551 | D:4      | Reached XP level 6. HP: 37/44 MP: 8/13
  3551 | D:4      | Killed Pikel
  3551 | D:4      | Reached skill level 5 in Dodging
  3551 | D:4      | Reached skill level 5 in Stealth
  3551 | D:4      | Reached XP level 7. HP: 42/51 MP: 8/15
  3692 | D:4      | Found Cypt's Armour Emporium.
  3726 | D:4      | Bought a +1 helmet of intelligence for 181 gold pieces
  3731 | D:4      | Learned a level 4 spell: Summon Ice Beast
  3955 | D:4      | Found Zuilot's Book Shop.
  4028 | D:4      | Found Jaodye's Jewellery Shoppe.
  4327 | D:5      | Entered Level 5 of the Dungeon
  4349 | D:5      | Reached XP level 8. HP: 43/57 MP: 12/16
  4472 | D:5      | Noticed Edmund
  4481 | D:5      | Killed Edmund
  4503 | D:5      | Found an ornate altar of the Wu Jian Council.
  4775 | D:5      | Got a shimmering flail
  4775 | D:5      | Identified the cursed +0 flail of Action {chaos, rPois rC+}
                  | (You found it on level 5 of the Dungeon)
  4868 | D:5      | Reached * piety under Sif Muna
  4945 | D:5      | Found a staircase to the Ecumenical Temple.
  5318 | D:6      | Reached XP level 9. HP: 65/65 MP: 14/18
  5622 | D:6      | Found a burning altar of Makhleb.
  5622 | D:6      | Noticed a cacodemon
  5651 | D:6      | Noticed a smoke demon
  5651 | D:6      | Noticed an orange demon
  5729 | D:6      | Reached ** piety under Sif Muna
  6163 | D:6      | Noticed a two-headed ogre
  6183 | D:6      | Killed a two-headed ogre
  6183 | D:6      | Reached skill level 8 in Ice Magic
  6409 | D:7      | Reached skill level 5 in Invocations
  6806 | D:7      | Found Goinim Adghi's Weapon Shop.
  7403 | D:8      | Found Ejeix's Magic Scroll Shoppe.
  7680 | D:8      | Reached XP level 10. HP: 71/73 MP: 15/20
  7735 | D:8      | Bought a scroll of identify for 26 gold pieces
  7735 | D:8      | Bought a scroll of fog for 26 gold pieces
  7735 | D:8      | Bought a scroll of magic mapping for 45 gold pieces
  7735 | D:8      | Bought a scroll of identify for 26 gold pieces
  7735 | D:8      | Bought a scroll of magic mapping for 45 gold pieces
  7735 | D:8      | Bought a scroll of blinking for 97 gold pieces
  8255 | D:8      | Reached skill level 5 in Fighting
  8255 | D:8      | Reached skill level 5 in Short Blades
  8255 | D:8      | Reached skill level 5 in Long Blades
  8255 | D:8      | Reached skill level 5 in Axes
  8255 | D:8      | Reached skill level 5 in Maces & Flails
  8255 | D:8      | Reached skill level 5 in Polearms
  8255 | D:8      | Reached skill level 5 in Staves
  8255 | D:8      | Reached skill level 5 in Slings
  8255 | D:8      | Reached skill level 5 in Bows
  8255 | D:8      | Reached skill level 5 in Crossbows
  8255 | D:8      | Reached skill level 5 in Throwing
  8255 | D:8      | Reached skill level 5 in Armour
  8255 | D:8      | Reached skill level 5 in Shields
  8255 | D:8      | Reached skill level 5 in Unarmed Combat
  8255 | D:8      | Reached skill level 5 in Evocations
  8395 | D:9      | Reached *** piety under Sif Muna
  8788 | D:9      | Found a staircase to the Lair.
  8844 | D:9      | Found a white marble altar of Elyvilon.
  9158 | D:9      | Found a glowing golden altar of the Shining One.
  9271 | D:10     | Entered Level 10 of the Dungeon
  9271 | D:10     | Found Huah's Jewellery Shoppe.
  9428 | D:10     | Got an ichor-stained quarterstaff
  9441 | D:10     | Identified the +8 quarterstaff of Chaos {vorpal, Str+2
                  | Dex+3} (You found it on level 10 of the Dungeon)
  9608 | D:10     | Reached **** piety under Sif Muna
  9978 | D:10     | Found a runed translucent gate.
  9978 | D:10     | Found a runed translucent gate.
  9978 | D:10     | Found a runed translucent gate.
  9978 | D:10     | Noticed Hoafok's ghost (journeyman MiFi)
 10130 | D:10     | Bought the ring of Demons {+Fly rPois rF+ rN+} for 598 gold
                  | pieces
 10216 | D:11     | Noticed a boulder beetle
 10227 | D:11     | Noticed a boulder beetle
 10237 | D:11     | Annihilated by a boulder beetle

Illustrated notes

Levels and vault maps discovered:
D:1:      dpeg_arrival_round_b, layout_basic
D:2:      layout_loops_ring, ashenzari_altar_1
D:3:      layout_loops_cross, nicolae_qazlal_general_emergency,
          gammafunk_temple_overflow_elements, uniq_crazy_yiuf_cottage
D:4:      layout_basic, serial_shops, kennysheep_mini_moat,
          nicolae_shop_statue_plus, shop_fountains, uniq_pikel
D:5:      layout_rooms, minmay_temple_entry_slanted, lemuel_tele_altar,
          uniq_edmund
D:6:      layout_basic, makhleb_altar_promises_db
D:7:      layout_basic, serial_shops, shop, abandoned_shop
D:8:      layout_rooms, serial_shops, shop
D:9:      minmay_goldmine, layout_irregular_city, lemuel_crystal_altar,
          kennysheep_mini, erik_lair_island
D:10:     layout_rooms, gammafunk_ghost_necromancy, serial_shops, shop
D:11:     layout_stronghold, orc_david_3, serial_shops, shop_scrolls,
          uniq_josephine, uniq_nergalle

Skill      XL: |  1  2  3  4  5  6  7  8  9 10 |
---------------+-------------------------------+-----
Spellcasting   | 5 6 7 |  7.7
Invocations    | 1 2 3 4 5 6 |  6.3
Fighting       | 1 2 3 4 5 |  5.8
Short Blades   | 1 2 3 4 5 |  5.8
Long Blades    | 1 2 3 4 5 |  5.8
Axes           | 1 2 3 4 5 |  5.8
Maces & Flails | 1 2 3 4 5 |  5.8
Polearms       | 1 2 3 4 5 |  5.8
Staves         | 1 2 3 4 5 |  5.8
Slings         | 1 2 3 4 5 |  5.8
Bows           | 1 2 3 4 5 |  5.8
Crossbows      | 1 2 3 4 5 |  5.8
Throwing       | 1 2 3 4 5 |  5.8
Armour         | 1 2 3 4 5 |  5.8
Shields        | 1 2 3 4 5 |  5.8
Unarmed Combat | 1 2 3 4 5 |  5.8
Evocations     | 1 2 3 4 5 |  5.8
Conjurations   | 1 2 3 4 |  4.7
Hexes          | 1 2 3 4 |  4.7
Summonings     | 1 2 3 4 |  4.7
Necromancy     | 1 2 3 4 |  4.7
Translocations | 1 2 3 4 |  4.7
Transmutations | 1 2 3 4 |  4.7
Fire Magic     | 1 2 3 4 |  4.7
Air Magic      | 1 2 3 4 |  4.7
Earth Magic    | 1 2 3 4 |  4.7
Poison Magic   | 1 2 3 4 |  4.7
Dodging        | 5 6 7 |  7.4
Stealth        | 5 6 7 |  7.2
Ice Magic      | 8 |  8.7

Action                   |  1- 3 |  4- 6 |  7- 9 | 10-12 || total
-------------------------+-------+-------+-------+-------++-------
Melee: Unarmed           |     2 |       |       |       ||     2
       Short sword       |    39 |       |       |       ||    39
       Bite              |     6 |     2 |    10 |     8 ||    26
       Rapier            |       |    18 |       |       ||    18
       Quarterstaff      |       |     4 |    27 |    20 ||    51
       Flail             |       |       |    90 |    90 ||   180
       Punch             |       |       |     1 |     2 ||     3
 Cast: Freeze            |    22 |     3 |       |       ||    25
       Frozen Ramparts   |       |    16 |    37 |    28 ||    81
       Summon Ice Beast  |       |       |     9 |    24 ||    33
Invok: Channel Magic     |       |       |       |     1 ||     1
  Use: Scroll            |       |       |       |    13 ||    13
 Stab: Sleeping          |     5 |     2 |     3 |     6 ||    16
       Paralysed         |       |       |     2 |       ||     2
       Petrifying        |       |       |       |     1 ||     1
Armor: Robe              |     9 |     4 |    32 |    20 ||    65
Dodge: Dodged            |    48 |    23 |   131 |   103 ||   305
       Repelled          |       |       |       |     1 ||     1

Table legend: (Time is in decaauts)
 A = Elapsed time spent in this place.
 B = Non-inter-level travel time spent in this place.
 C = Inter-level travel time spent in this place.
 D = Time resting spent in this place.
 E = Time spent auto-exploring this place.
 F = Levels seen in this place.
 G = Mean time per level.
                   A        B        C        D        E       F      G
               +--------+--------+--------+--------+--------+-----+--------+
         Total |  10272 |   9997 |    275 |    142 |   8164 |  11 |  933.8 |
       Dungeon |  10272 |   9997 |    275 |    142 |   8164 |  11 |  933.8 |
               +--------+--------+--------+--------+--------+-----+--------+

Top non-repeatable levels by time:
     D:3: 1378 daAuts
     D:6: 1238 daAuts
     D:1: 1204 daAuts
     D:8: 990 daAuts
     D:9: 986 daAuts
     D:4: 971 daAuts
     D:7: 928 daAuts
     D:5: 829 daAuts
     D:2: 781 daAuts
    D:10: 766 daAuts
    D:11: 196 daAuts
